 Dungeon Crawl Stone Soup version 0.29-a0-9-g022ca4c890 (webtiles) character file.

Game seed: 11828453762396869355

133 avis the Ruffian (level 5, -2/45 HPs)
             Began as a Hill Orc Transmuter on Jan 28, 2022.
             Killed from afar by an orc wizard (5 damage)
             ... with a puff of flame
             ... on level 3 of the Dungeon.
             The game lasted 00:13:22 (2646 turns).

avis the Ruffian (Hill Orc Transmuter)              Turns: 2646, Time: 00:13:22

Health: -2/45      AC:  3    Str: 13    XL:     5   Next: 16%
Magic:  7/8        EV: 11    Int: 15    God:
Gold:   131        SH:  5    Dex: 11    Spells: 4/8 levels left

rFire   . . .      SeeInvis .     - Unarmed
rCold   . . .      Faith    .   (no shield)
rNeg    . . .      Spirit   .   c - +0 leather armour
rPois   .          Reflect  +   (helmet currently unavailable)
rElec   .          Harm     .   (no cloak)
rCorr   .          Rampage  .   (no gloves)
Will    .....                   (boots currently unavailable)
Stlth   ++........              t - amulet of reflection
HPRegen 0.15/turn               (no ring)
MPRegen 0.11/turn               (no ring)

@: appendages
A: horns 2, talons 2
a: End Transformation


You were on level 3 of the Dungeon.
You had temporarily grown beastly horns and talons.
You visited 1 branch of the dungeon, and saw 3 of its levels.

You collected 131 gold pieces.

Inventory:

Hand Weapons
 b - a +0 hunting sling
 i - a +2 short sword of venom
 n - a +0 spear
Missiles
 f - 44 stones
 g - 21 sling bullets
 k - 11 arrows
 m - 3 poisoned darts
 p - 20 bolts
Armour
 a - a +0 robe
 c - a +0 leather armour (worn)
 e - a +0 ring mail
 j - a +0 helmet (melded)
Jewellery
 t - an amulet of reflection (around neck)
Scrolls
 d - 2 scrolls of blinking {unknown}
 l - a scroll of acquirement {unknown}
 r - a scroll of brand weapon {unknown}
 s - a scroll of identify {unknown}
Potions
 h - a potion of heal wounds {unknown}
 o - 3 potions of curing {unknown}
 q - a potion of attraction {unknown}


   Skills:
 - Level 3.0 Fighting
 * Level 1.8 Dodging
 - Level 2.0 Stealth
 - Level 4.0 Unarmed Combat
 - Level 2.0 Spellcasting
 - Level 2.0 Transmutations


You had 4 spell levels left.
You knew the following spells:

 Your Spells              Type           Power      Damage    Failure   Level
a - Beastly Appendage     Tmut           14%        N/A       12%         1
p - Spider Form           Tmut/Pois      4%         N/A       50%         3

Your spell library contained the following spells:

 Spells                   Type           Power      Damage    Failure   Level
 Wereblood                Tmut           7%         N/A       19%         2
 Ice Form                 Ice/Tmut       4%         N/A       88%         4


Dungeon Overview and Level Annotations

Branches:
Dungeon (3/15)

Altars:

Shops:
D:3 (


Innate Abilities, Weirdness & Mutations

You have temporarily grown beastly horns and talons.


Message History

You are very lightly contaminated with residual magic.
Nothing appears to happen.
The orc wizard casts a spell at you. The magic dart hits you.
* * * LOW HITPOINT WARNING * * *
The orc barely misses you. The orc wizard casts a spell at you.
The puff of flame misses you.
You hit the orc.
The orc is heavily wounded.
You hit the orc wizard.
The orc wizard is almost dead.
You closely miss the orc wizard.
The orc wizard is almost dead.
The orc wizard points at you and mumbles some strange words.
You resist with some effort.
You closely miss the orc.
The orc is heavily wounded.
Casting: Beastly Appendage (safe; 12% risk of failure)
Confirm with . or Enter, or press ? or * to list all spells.
You grow a pair of large bovine horns.
Your feet morph into talons.
Your +0 helmet melds into your body.
The orc hits you with a +0 whip.
* * * LOW HITPOINT WARNING * * *
Your magical contamination has completely faded away.
You closely miss the orc. Your kick misses the orc.
Your headbutt misses the orc.
The orc is heavily wounded.
You block the orc's attack.
The orc wizard mumbles some strange words.
The orc wizard flickers and vanishes!
Deactivating autopickup; reactivate with Ctrl-A.
You closely miss the orc. You headbutt the orc, but do no damage.
The orc is heavily wounded.
You block the orc's attack.
You hit the orc. You claw the orc.
You kill the orc!
You hear some strange, mumbled words.
A puff of flame appears from out of thin air!
The puff of flame hits you.
You die...

.# ##.....## #.#.# #.##.##
.# #....## #.#.# #.#...## .#
#.#.## #.#.# #......##
...#.# ###.#.## #.......#
#####.####......####.......#
#....#'#.....).........#
####.'∩'{...###.........
###)#)#...........### #)#@#
###.##..## #...# #. #.#
###.# #. .# #.# #. W# #.#
#.# ..# ###


There were no monsters in sight!

Vanquished Creatures
  A bullfrog zombie (D:3)
  5 adders (D:2)
  5 dart slugs
  3 orcs (D:3)
  4 ball pythons
  4 endoplasms
  4 giant cockroaches
  2 goblins
  2 hobgoblins
  2 jackals (D:3)
  4 kobolds
  3 quokkas
  3 bats
  A frilled lizard (D:2)
43 creatures vanquished.

Notes
Turn   | Place    | Note
-------+----------+-------------------------------------------
     0 | D:1      | avis the Hill Orc Transmuter began the quest for the Orb.
     0 | D:1      | Reached XP level 1. HP: 16/16 MP: 3/3
   180 | D:1      | Reached skill level 1 in Stealth
   180 | D:1      | Reached XP level 2. HP: 24/24 MP: 2/4
   252 | D:1      | Found a faded altar of an unknown god.
   874 | D:2      | Reached XP level 3. HP: 21/31 MP: 3/5
   998 | D:2      | Learned a level 3 spell: Spider Form
  1701 | D:2      | Reached XP level 4. HP: 28/38 MP: 6/6
  2304 | D:3      | Noticed a phantom
  2309 | D:3      | Reached XP level 5. HP: 37/45 MP: 6/8
  2478 | D:3      | Reached skill level 4 in Unarmed Combat
  2584 | D:3      | Found Xukozon's Antique Weapon Shoppe.
  2646 | D:3      | Killed from afar by an orc wizard

Illustrated notes

Levels and vault maps discovered:
D:1:      tarquinn_simple_flora_water_f, layout_basic,
          ebering_ecumenical_altar_box
D:2:      wad_crossroads, layout_rooms, serial_forest,
          infiniplex_forest_lined_2, infiniplex_forest_end_double,
          infiniplex_forest_zigzag_1, infiniplex_forest_clump_double,
          infiniplex_forest_straight_3, infiniplex_forest_end_2,
          infiniplex_forest_straight_1, minivault_25, chequers_mini_garden,
          solitary_fountain
D:3:      layout_loops_ring, serial_shops, nicolae_shop_behind_doors,
          kennysheep_nub, minmay_between, uniq_natasha

Skill      XL: |  1  2  3  4  5 |
---------------+----------------+-----
Fighting       | 2 3 |  3.0
Stealth        | 1 2 |  2.0
Transmutations | 2 |  2.0
Spellcasting   | 2 |  2.0
Unarmed Combat | 4 |  4.0
Dodging        | |  1.8

Action                   |  1- 3 |  4- 6 || total
-------------------------+-------+-------++-------
Melee: Unarmed           |    89 |    66 ||   155
       Kick              |    12 |    14 ||    26
       Headbutt          |     6 |     8 ||    14
       Punch             |     2 |     2 ||     4
 Cast: Beastly Appendage |    21 |    15 ||    36
 Stab: Sleeping          |       |     4 ||     4
Armor: Leather armour    |    26 |    12 ||    38
Dodge: Dodged            |    46 |    28 ||    74
Block: Other             |       |     6 ||     6

Table legend: (Time is in decaauts)
 A = Elapsed time spent in this place.
 B = Non-inter-level travel time spent in this place.
 C = Inter-level travel time spent in this place.
 D = Time resting spent in this place.
 E = Time spent auto-exploring this place.
 F = Levels seen in this place.
 G = Mean time per level.
                   A        B        C        D        E       F      G
               +--------+--------+--------+--------+--------+-----+--------+
         Total |   2643 |   2423 |    220 |    791 |   1018 |   3 |  881.0 |
       Dungeon |   2643 |   2423 |    220 |    791 |   1018 |   3 |  881.0 |
               +--------+--------+--------+--------+--------+-----+--------+

Top non-repeatable levels by time:
     D:2: 1225 daAuts
     D:1: 1073 daAuts
     D:3: 344 daAuts
